 Dungeon Crawl Stone Soup version 0.27-a0-695-gb4952372f7 (webtiles) character file.

Game seed: 15899766766680751912

58 Gaff the Vandal (level 4, -3/29 HPs)
             Began as a Halfling Hunter on Mar 21, 2021.
             Slain by Robin
             ... wielding a +0 whip
              (5 damage)
             ... on level 1 of the Dungeon on Mar 22, 2021.
             The game lasted 00:06:12 (2633 turns).

Gaff the Vandal (Halfling Hunter)                   Turns: 2633, Time: 00:06:13

Health: -3/29      AC:  4    Str: 14    XL:     4   Next: 20%
Magic:  0/4        EV: 14    Int:  9    God:
Gold:   79         SH:  0    Dex: 14    Spells: 3/3 levels left

rFire    . . .     SeeInvis .   b - +0 short sword
rCold    . . .     Faith    .   (shield restricted)
rNeg     . . .     Spirit   +   c - +0 leather armour
rPois    .         Reflect  .   (no helmet)
rElec    .         Harm     .   (no cloak)
rCorr    .         Rampage  .   (no gloves)
Will     .....                  j - +0 pair of boots
Stlth    ++........             f - amulet of guardian spirit
HPRegen  0.09/turn              (no ring)
MPRegen  0.09/turn              (no ring)

@: no status effects
A: small, no large weapons, mutation resistance 1
a: no special abilities


You were on level 1 of the Dungeon.
You visited 1 branch of the dungeon, and saw 2 of its levels.

You collected 79 gold pieces.

Inventory:

Hand Weapons
 a - a +1 hunting sling
 b - a +0 short sword (weapon)
Missiles
 d - 43 sling bullets
 e - 16 poisoned darts (quivered)
 g - 33 stones
Armour
 c - a +0 leather armour (worn)
 j - a +0 pair of boots (worn)
Jewellery
 f - an amulet of guardian spirit (around neck)
 m - an amulet of faith
Scrolls
 h - a scroll of amnesia {unknown}
 k - a scroll of fear {unknown}
 l - 2 scrolls of identify {unknown}
 n - a scroll of noise {unknown}


   Skills:
 - Level 1.7 Fighting
 * Level 7.2 Slings
 + Level 0.7 Armour
 - Level 2.1 Dodging
 + Level 2.5 Stealth


You had 3 spell levels left.
You didn't know any spells.
Your spell library was empty.

Dungeon Overview and Level Annotations

Branches:
Dungeon (2/15)

Altars:

Annotations:
D:1 Robin


Innate Abilities, Weirdness & Mutations

You are small and have problems with some larger weapons.
You are somewhat resistant to further mutation.


Message History

You hit Robin but do no damage. Robin hits you with a +0 whip.
You hit Robin.
Robin is moderately wounded.
Robin hits you with a +0 whip.
* * * LOW HITPOINT WARNING * * *
You hit Robin but do no damage.
Robin is moderately wounded.
Robin says, "Duck!"
Robin completely misses you.
You hit Robin.
Robin is moderately wounded.
Robin closely misses you.
You hit Robin.
Robin is heavily wounded.
Robin hits you with a +0 whip.
* * * LOW HITPOINT WARNING * * *
You hit Robin.
Robin is severely wounded.
Robin hits you with a +0 whip.
* * * LOW HITPOINT WARNING * * *
You hit Robin.
Robin is severely wounded.
Robin's horned helmet rattles.
Robin hits you with a +0 whip.
* * * LOW HITPOINT WARNING * * *
You barely miss Robin.
Robin is severely wounded.
Robin closely misses you.
You hit Robin.
Robin is almost dead.
Robin barely misses you.
You barely miss Robin.
Robin is almost dead.
Robin hits you with a +0 whip.
* * * LOW HITPOINT WARNING * * *
Robin completely misses you.
You barely miss Robin.
Robin is almost dead.
Robin hits you with a +0 whip.
You die...

..#### #....# #..# #.# #.# .##
#.##.###..# #.# #.# .#
#.##....).# #.# #.##### .#
#.##....#.###.# #......
.#######.....#.......# #######
.#.............#.#####
.........####.##># )........#
#.##)# ##.##########.##@#
##.######.....##g#
..........######.################
##.######.# #................#
##.## #.# ################.#
....# #.# #.# ##..# #.# #.#
....#####.##### #.#
#.............###### #.#


You could see Robin.

Vanquished Creatures
  3 worms (D:2)
  2 dart slugs (D:1)
  7 goblins
  7 hobgoblins
  7 jackals
  A quokka (D:2)
  2 ball pythons
  5 bats
  3 frilled lizards
  3 kobolds
  2 rats (D:2)
42 creatures vanquished.

Vanquished Creatures (others)
  A goblin (D:2)
1 creature vanquished.

Grand Total: 43 creatures vanquished

Notes
Turn   | Place    | Note
-------+----------+-------------------------------------------
     0 | D:1      | Gaff the Halfling Hunter began the quest for the Orb.
     0 | D:1      | Reached XP level 1. HP: 14/14 MP: 1/1
   244 | D:1      | Reached skill level 6 in Slings
   437 | D:1      | Reached XP level 2. HP: 18/19 MP: 2/2
  1022 | D:2      | Noticed Robin
  1096 | D:2      | Reached XP level 3. HP: 23/24 MP: 3/3
  1802 | D:2      | Reached skill level 7 in Slings
  2176 | D:1      | Reached XP level 4. HP: 27/29 MP: 4/4
  2633 | D:1      | Slain by Robin

Illustrated notes

Levels and vault maps discovered:
D:1:      dpeg_arrival_tiny_i, layout_loops_ring
D:2:      layout_basic, uniq_robin

Skill      XL: |  1  2  3 |
---------------+----------+-----
Slings         | 6 7 |  7.2
Stealth        | 2 |  2.5
Fighting       | |  1.7
Armour         | |  0.7
Dodging        | |  2.1

Action                   |  1- 3 |  4- 6 || total
-------------------------+-------+-------++-------
Melee: Short sword       |   113 |    36 ||   149
 Fire: Hunting sling     |    23 |     1 ||    24
  Use: Potion            |       |     1 ||     1
 Stab: Sleeping          |     2 |       ||     2
Armor: Leather armour    |    46 |     5 ||    51
Dodge: Dodged            |   110 |    23 ||   133

Table legend: (Time is in decaauts)
 A = Elapsed time spent in this place.
 B = Non-inter-level travel time spent in this place.
 C = Inter-level travel time spent in this place.
 D = Time resting spent in this place.
 E = Time spent auto-exploring this place.
 F = Levels seen in this place.
 G = Mean time per level.
                   A        B        C        D        E       F      G
               +--------+--------+--------+--------+--------+-----+--------+
         Total |   2650 |   2621 |     29 |   1334 |    538 |   2 | 1325.0 |
       Dungeon |   2650 |   2621 |     29 |   1334 |    538 |   2 | 1325.0 |
               +--------+--------+--------+--------+--------+-----+--------+

Top non-repeatable levels by time:
     D:1: 1785 daAuts
     D:2: 864 daAuts
